AoeStats
← homero_inba

Migration

505772573Analyzed
1v1 RM · 22d ago on Sep 11, 2026· 24m 26s· 2 players
Game mode
Random Map
Map size
132×132
Population
200
Speed
Normal
Resources
Standard
Victory
Conquest
Starting age
Dark Age
Ending age
Imperial Age
RankedLock teamsTeams togetherTeam positionsShared explorationLock speedFull tech treeHidden civsTurbo modeCheats
Victory
Defeat
🇨🇱 Vikings · Chile
979
+15
🇨🇷 Spanish · Costa Rica
955
-44
Neolavos9859
12:16 Feudal Age
12:47 Double-Bit Axe
14:40 Wheelbarrow
15:20 Horse Collar
homero_inba
9:53 Loom
11:38 Feudal Age
13:06 Loom
14:37 Double-Bit Axe
15:23 Town Watch
16:13 Fletching
16:29 Gold Mining
19:05 Castle Age
19:58 Medium Warships
20:52 Town Patrol
20:48 Bodkin Arrow
20:54 Scale Mail Armor
20:47 Fishing Lines
22:19 Bow Saw
22:02 Stone Mining
24:51 Chain Mail Armor
24:46 Forging
24:34 Gillnets
Connection lost

Rejoining the realm…

Still unreachable

The connection could not be restored.

Session expired

The server has moved on; the page needs a fresh start.